 Dungeon Crawl Stone Soup version 0.29-a0-350-g7790a0e70a (webtiles) character file.

Game seed: 16524960048500214349

277 HendSelp the Insei (level 6, -5/38 HPs)
             Began as an Octopode Transmuter on Apr 22, 2022.
             Killed from afar by an orc wizard (9 damage)
             ... with a puff of flame
             ... on level 4 of the Dungeon.
             The game lasted 00:03:32 (3981 turns).

HendSelp the Insei (Octopode Transmuter)            Turns: 3981, Time: 00:03:33

Health: -5/38      AC:  1    Str: 11    XL:     6   Next: 26%
Magic:  11/11      EV: 14    Int: 16    God:
Gold:   169        SH:  0    Dex: 24    Spells: 6/12 levels left

rFire   . . .      SeeInvis .     - Unarmed
rCold   . . .      Faith    .   (no shield)
rNeg    . . .      Spirit   .   (helmet restricted)
rPois   .          Reflect  .   (no amulet)
rElec   .          Harm     .   f - +6 ring of dexterity
rCorr   .          Rampage  .   h - +6 ring of dexterity
Will    .....                   (no ring)
Stlth   +++.......              (no ring)
HPRegen 0.12/turn               (no ring)
MPRegen 0.12/turn               (no ring)
                                (no ring)
                                (no ring)

@: no status effects
A: almost no armour, amphibious, 8 rings, camouflage 1, gelatinous body 1,
(nimble swimmer 1), tentacles
a: no special abilities


You were on level 4 of the Dungeon.
You visited 2 branches of the dungeon, and saw 5 of its levels.

You collected 169 gold pieces.

Inventory:

Jewellery
 f - a +6 ring of dexterity (left tentacle)
 h - a +6 ring of dexterity (right tentacle)
Wands
 j - a wand of flame (9)
Scrolls
 d - a scroll of enchant armour
Potions
 a - a potion of curing
 b - a potion of lignification
 c - a potion of flight
 e - a potion of brilliance
 i - a potion of attraction {unknown}


   Skills:
 + Level 1.5 Fighting
 - Level 2.0 Dodging
 + Level 4.6 Unarmed Combat
 + Level 3.6 Spellcasting
 + Level 3.8 Transmutations


You had 6 spell levels left.
You knew the following spells:

 Your Spells              Type           Power      Damage    Failure   Level
a - Beastly Appendage     Tmut           30%        N/A       3%          1
b - Wereblood             Tmut           15%        N/A       5%          2
c - Spider Form           Tmut/Pois      9%         N/A       24%         3

Your spell library contained the following spells:

 Spells                   Type           Power      Damage    Failure   Level
 Call Canine Familiar     Summ           2%         N/A       47%         3
 Portal Projectile        Hex/Tloc       4%         N/A       47%         3
 Ice Form                 Ice/Tmut       9%         N/A       63%         4
 Airstrike                Air            1%         N/A       87%         4
 Leda's Liquefaction      Hex/Erth       1%         N/A       87%         4
 Summon Lightning Spire   Summ/Air       2%         N/A       87%         4
 Lightning Bolt           Conj/Air       1%         1d12      99%         5


Dungeon Overview and Level Annotations

Branches:
Dungeon (4/15)             Temple (1/1) D:4

Altars:
Ashenzari
Dithmenos
Elyvilon
Fedhas
Hepliaklqana
Makhleb
Nemelex Xobeh
Ru
Trog
Wu Jian
Yredelemnul
The Shining One
Lugonu


Innate Abilities, Weirdness & Mutations

You cannot wear most types of armour.
You are amphibious.
You can wear up to eight rings at the same time.
Your skin changes colour to match your surroundings (Stealth+).
Your rubbery body absorbs attacks. (AC +1, EV +1)
((You are camouflaged when in or above water. (Stealth+)))
You have tentacles for arms and can constrict up to eight enemies at once.


Message History

Unknown command.
Unknown command.
Unknown command.
Unknown command.
Unknown command.
Unknown command.
Unknown command.
Aiming: Throw Flame
Press: ? - help, Shift-Dir - straight line, f - jelly
Aim: a jelly (moderately wounded, 100% to hit)
The puff of flame hits the jelly.
The jelly is severely wounded.
The jelly hits you but does no damage.
Unknown command.
Unknown command.
Unknown command.
Aiming: Throw Flame
Press: ? - help, Shift-Dir - straight line, f/p - jelly
Aim: a jelly (severely wounded, 100% to hit)
The puff of flame hits the jelly.
You kill the jelly!
Unknown command.
Unknown command.
Unknown command.
Unknown command.
The kobold hits you with a +0 club.
* * * LOW HITPOINT WARNING * * *
You smack the kobold!
You kill the kobold!
You swing at nothing.
An orc wizard comes into view. It is wielding a +0 dagger.
An orc wizard is nearby!
Your magical effects are unravelling.
You feel magically purged.
You feel less wooden.
You are no longer corroded.
The orc wizard shouts!
Unknown command.
The orc wizard gestures at you while chanting.
The puff of flame hits you!
You die...

#........####.# ##..#.# #.#*,#**,
............#.# *#.##.# #.#*.# *,
#####....##.#.###.....###g##.# *,
.......####.#.##..,.....#ng..###.
###....#....#.##..,......gg.<..g.
.....###....#.##.##.#'#<[....####
.....# #....#.#.................,
.....###....#.#.........########.
.)...##.......#.@.......****** *,
.....##.....###.........,,,,,* *,
###.###.....# #........#****,* *,
............# ##)###..## *,* *,
......#.....# #.# *,.##****,***,
......#.....# #.###.>..,,,,,,**,
#######....#####.....#*#****,,,,,
#..........o...#*******,***
##########........,,* *,*


You could see an orc wizard.

Vanquished Creatures
  A necrophage (D:4)
  An orc priest (D:4)
  A jelly (D:4)
  An iguana (D:4)
  An orc wizard (D:2)
  2 adders
  2 shadow imps (D:4)
  2 dart slugs (D:3)
  7 orcs
  6 bats
  7 endoplasms
  2 giant cockroaches
  9 goblins
  5 hobgoblins
  2 quokkas
  7 ball pythons
  A frilled lizard (D:1)
  5 kobolds
  6 rats
68 creatures vanquished.

Vanquished Creatures (others)
  16 plants (D:4)
16 creatures vanquished.

Grand Total: 84 creatures vanquished

Notes
Turn   | Place    | Note
-------+----------+-------------------------------------------
     0 | D:1      | HendSelp the Octopode Transmuter began the quest for the
                  | Orb.
     0 | D:1      | Reached XP level 1. HP: 13/13 MP: 3/3
   467 | D:1      | Reached XP level 2. HP: 16/18 MP: 3/5
   936 | D:1      | Reached XP level 3. HP: 9/23 MP: 6/6
  1491 | D:1      | Learned a level 2 spell: Wereblood
  1495 | D:1      | Learned a level 3 spell: Spider Form
  1623 | D:2      | Found a bloodstained altar of Trog.
  1631 | D:2      | Found a faded altar of an unknown god.
  1688 | D:2      | Reached XP level 4. HP: 24/28 MP: 5/8
  2008 | D:2      | Identified the +6 spear of Skirmishing {vorpal, rF++ Str+4}
  2363 | D:3      | Found a sacrificial altar of Ru.
  2970 | D:4      | Reached skill level 4 in Unarmed Combat
  2970 | D:4      | Reached XP level 5. HP: 18/33 MP: 9/9
  3142 | D:4      | Found a staircase to the Ecumenical Temple.
  3164 | Temple   | Entered the Ecumenical Temple
  3450 | D:4      | Found a hazy altar of Hepliaklqana.
  3767 | D:4      | Reached XP level 6. HP: 30/38 MP: 11/11
  3864 | D:4      | Found a shadowy altar of Dithmenos.
  3981 | D:4      | Killed from afar by an orc wizard

Illustrated notes

Levels and vault maps discovered:
D:1:      kennysheep_arrival_forest, layout_loops_ring
D:2:      layout_rooms, hellmonk_ecumenical_altar_crossroads, basic_altar
D:3:      layout_basic, mainiacjoe_overflow_concentric_impassable,
          nicolae_concentric_dashed_squares_wild, minmay_crystal_room
D:4:      layout_basic, nicolae_hepliaklqana_hazy_memory, kennysheep_mini_moat,
          minmay_temple_entry_overgrown
Temple:   corrupted_temple

Skill      XL: |  1  2  3  4 |
---------------+-------------+-----
Spellcasting   | 3 |  3.6
Transmutations | 3 |  3.8
Unarmed Combat | 4 |  4.6
Fighting       | |  1.5
Dodging        | |  2.0

Action                   |  1- 3 |  4- 6 || total
-------------------------+-------+-------++-------
Melee: Unarmed           |    68 |    74 ||   142
       Kick              |    18 |    24 ||    42
       Constrict         |    16 |    20 ||    36
       Tentacles         |    11 |    11 ||    22
       Punch             |     3 |     1 ||     4
 Cast: Beastly Appendage |    21 |    21 ||    42
       Wereblood         |     1 |       ||     1
Evoke: Wand              |       |     2 ||     2
  Use: Scroll            |     6 |     8 ||    14
       Potion            |     2 |     4 ||     6
 Stab: Sleeping          |     7 |     8 ||    15
Armor: Skin              |    14 |    11 ||    25
Dodge: Dodged            |    41 |    25 ||    66

Table legend: (Time is in decaauts)
 A = Elapsed time spent in this place.
 B = Non-inter-level travel time spent in this place.
 C = Inter-level travel time spent in this place.
 D = Time resting spent in this place.
 E = Time spent auto-exploring this place.
 F = Levels seen in this place.
 G = Mean time per level.
                   A        B        C        D        E       F      G
               +--------+--------+--------+--------+--------+-----+--------+
         Total |   3956 |   3870 |     86 |     63 |   3268 |   5 |  791.2 |
       Dungeon |   3741 |   3670 |     71 |     63 |   3076 |   4 |  935.2 |
        Temple |    214 |    199 |     15 |      0 |    192 |   1 |  214.0 |
               +--------+--------+--------+--------+--------+-----+--------+

Top non-repeatable levels by time:
     D:1: 1489 daAuts
     D:4: 798 daAuts
     D:2: 784 daAuts
     D:3: 669 daAuts
  Temple: 214 daAuts
